 Dungeon Crawl Stone Soup version 0.24-a0-525-g9231cdcba1 (webtiles) character file.

Game seed: 15444229538021029596

119 Mithandil the Skirmisher (level 5, 0/47 HPs)
             Began as a Hill Orc Fighter on Aug 2, 2019.
             Killed from afar by an orc wizard (6 damage)
             ... with a magic dart
             ... on level 3 of the Dungeon.
             The game lasted 00:11:14 (2282 turns).

Mithandil the Skirmisher (Hill Orc Fighter)         Turns: 2282, Time: 00:11:14

Health: 0/47       AC:  7    Str: 20    XL:     5   Next: 3%
Magic:  5/5        EV:  7    Int:  8    God:
Gold:   133        SH: 10    Dex: 10    Spells: 4/4 levels left

rFire    . . .     SeeInvis .   b - +2 whip (drain)
rCold    . . .     Gourm    .   c - +1 shield
rNeg     . . .     Faith    .   j - +0 scale mail
rPois    .         Spirit   .   m - +0 hat
rElec    .         Reflect  .   (no cloak)
rCorr    .         Harm     .   (no gloves)
MR       .....                  (no boots)
Stlth    ..........             (no amulet)
HPRegen  0.15/turn              (no ring)
MPRegen  0.09/turn              (no ring)

@: no status effects
A: no striking features
a: no special abilities


You were on level 3 of the Dungeon.
You were hungry.

You visited 1 branch of the dungeon, and saw 4 of its levels.

You collected 133 gold pieces.

Inventory:

Hand Weapons
 a - a +1 war axe
 b - a +2 whip of draining (weapon)
Missiles
 l - 28 arrows
Armour
 c - a +1 shield (worn)
 j - a +0 scale mail (worn)
 m - a +0 hat (worn)
Scrolls
 e - 4 scrolls of remove curse
 g - a scroll of teleportation
 p - 2 scrolls of identify
Potions
 d - a potion of might
 h - a potion of resistance {unknown}
 i - 2 potions of heal wounds {unknown}
 k - 2 potions of flight
 o - a potion of curing {unknown}
 q - a potion of lignification {unknown}
Comestibles
 f - 4 rations
 n - 4 chunks of flesh


   Skills:
 * Level 4.4 Fighting
 - Level 3.6(3.8) Axes
 * Level 1.2(2.2) Maces & Flails
   Level 0.0 Slings
 + Level 3.7 Armour
 + Level 0.9 Dodging
 + Level 1.0 Stealth
 * Level 4.0 Shields


You had 4 spell levels left.
You didn't know any spells.
Your spell library was empty.

Dungeon Overview and Level Annotations

Branches:
Dungeon (4/15)
 Temple: D:4-7

Altars:


Message History

You closely miss the orc.
The orc is heavily wounded.
You block the orc's attack. Something hits you but does no damage.
You barely miss the orc.
The orc is heavily wounded.
Something hits you.
* * * LOW HITPOINT WARNING * * *
You block the orc's attack.
You closely miss the orc.
The orc is heavily wounded.
Something hits you but does no damage. The orc hits you but does no damage.
You completely miss the orc.
The orc is heavily wounded.
Something hits you but does no damage. You block the orc's attack.
You closely miss the orc.
The orc is heavily wounded.
You hear some strange, mumbled words.
A magic dart appears from out of thin air!
The magic dart hits you.
You die...

#.......# #.###.####.#.
#.......# #<........###
#.!.....#######.####.#.
#......................
#.......# ####...###..
#.......# #.........
#.....))# #.##.###..
#.#)# #.##.# .. #.#@#
##.##.# .#
#.####oo#.#####...#.#
.#
#......###.....)รท...#
#.####..#.#####...####
#.#...............
#.#########.####.. #.#
#.# #.# #.. #.. ####


You could see 2 orcs.

Vanquished Creatures
  An orc priest (D:3)
  2 adders (D:2)
  An ooze (D:1)
  2 worms (D:2)
  A dart slug (D:1)
  A leopard gecko (D:2)
  5 orcs (D:3)
  4 bats
  2 giant cockroaches
  2 goblins
  6 hobgoblins
  7 jackals
  3 kobolds
  2 ball pythons
  8 frilled lizards
  9 rats
56 creatures vanquished.

Notes
Turn   | Place    | Note
-------+----------+-------------------------------------------
     0 | D:1      | Mithandil the Hill Orc Fighter began the quest for the Orb.
     0 | D:1      | Reached XP level 1. HP: 19/19 MP: 1/1
   304 | D:1      | Reached XP level 2. HP: 26/27 MP: 2/2
   646 | D:1      | You fall into a shaft and drop 1 floor!
   746 | D:1      | Reached XP level 3. HP: 24/33 MP: 3/3
  1215 | D:4      | Noticed an ogre
  1927 | D:2      | Reached XP level 4. HP: 40/40 MP: 4/4
  2259 | D:3      | Reached skill level 1 in Maces & Flails
  2259 | D:3      | Reached skill level 1 in Stealth
  2267 | D:3      | Reached XP level 5. HP: 13/47 MP: 5/5
  2282 | D:3      | Killed from afar by an orc wizard

Levels and vault maps discovered:
D:1:      dpeg_arrival_fog, layout_loops_cross
D:2:      minmay_razor_zed, layout_basic, first_ration
D:3:      layout_loops_ring, nicolae_overflow_hidden_temple
D:4:      layout_cave_pools, fedhas_altar_2, gammafunk_temple_overflow_wave,
          uniq_eustachio

Skill      XL: |  1  2  3  4 |
---------------+-------------+-----
Axes           | 3 |  3.6
Fighting       | 4 |  4.4
Maces & Flails | 1 |  1.2
Stealth        | 1 |  1.0
Shields        | 4 |  4.0
Armour         | |  3.7
Dodging        | |  0.9

Action                   |  1- 3 |  4- 6 || total
-------------------------+-------+-------++-------
Melee: War axe           |   107 |       ||   107
       Whip              |    18 |    56 ||    74
  Use: Scroll            |     7 |       ||     7
  Eat: Chunk             |     3 |     1 ||     4
Armor: Scale mail        |    41 |    34 ||    75
Dodge: Dodged            |    33 |    17 ||    50
Block: Shield            |    73 |    46 ||   119

Table legend:
 A = Non-vault XP
 B = Vault XP
 C = Vault XP percentage of total XP
 D = Non-vault monster count
 E = Vault monster count
 F = Vault count percentage of total count
                 A         B        C        D         E       F
            +---------+---------+-------+---------+---------+-------
      Total |     131 |      39 |  22.9 |      45 |      11 |  19.6
            +---------+---------+-------+---------+---------+-------
        D:1 |      38 |       0 |   0.0 |      21 |       0 |   0.0
        D:2 |      29 |      39 |  57.4 |      13 |      11 |  45.8
        D:3 |      64 |       0 |   0.0 |      11 |       0 |   0.0
            +---------+---------+-------+---------+---------+-------
